 Dungeon Crawl Stone Soup version 0.27.1-1-g398f81649c (webtiles) character file.

Game seed: 8052712253167069470

193 Metae the Skirmisher (level 5, -2/47 HPs)
             Began as a Minotaur Fighter on Sept 14, 2021.
             Slain by Grinder (3 damage)
             ... on level 3 of the Dungeon.
             The game lasted 00:05:08 (2241 turns).

Metae the Skirmisher (Minotaur Fighter)             Turns: 2241, Time: 00:05:09

Health: -2/47      AC:  7    Str: 21    XL:     5   Next: 44%
Magic:  4/4        EV:  7    Int:  5    God:
Gold:   102        SH:  9    Dex: 10    Spells: 4/4 levels left

rFire    . . .     SeeInvis .   a - +0 trident
rCold    . . .     Faith    .   c - +0 kite shield
rNeg     . . .     Spirit   .   b - +0 scale mail
rPois    .         Reflect  .   (helmet restricted)
rElec    .         Harm     .   (no cloak)
rCorr    .         Rampage  .   (no gloves)
Will     .....                  (no boots)
Stlth    ..........             (no amulet)
HPRegen  0.15/turn              (no ring)
MPRegen  0.09/turn              (no ring)

@: no status effects
A: horns 2, retaliatory headbutt
a: no special abilities


You were on level 3 of the Dungeon.
You visited 1 branch of the dungeon, and saw 3 of its levels.

You collected 102 gold pieces.

Inventory:

Hand Weapons
 a - a +0 trident (weapon)
 r - a +3 spear
Missiles
 h - 67 stones (quivered)
 n - a throwing net
Armour
 b - a +0 scale mail (worn)
 c - a +0 kite shield (worn)
Jewellery
 k - an amulet of the acrobat
Scrolls
 f - 3 scrolls of fog {unknown}
 j - a scroll of teleportation {unknown}
 l - 3 scrolls of identify {unknown}
 m - 2 scrolls of magic mapping {unknown}
 q - 3 scrolls of vulnerability {unknown}
Potions
 d - 2 potions of might
 e - a potion of flight {unknown}
 g - a potion of ambrosia {unknown}
 i - 2 potions of attraction {unknown}
 o - 2 potions of degeneration {unknown}
 p - a potion of lignification {unknown}


   Skills:
 + Level 4.9 Fighting
 + Level 4.0 Polearms
 + Level 4.8 Armour
 + Level 4.9 Shields


You had 4 spell levels left.
You didn't know any spells.
Your spell library was empty.

Dungeon Overview and Level Annotations

Branches:
Dungeon (3/15)

Altars:

Annotations:
D:3 Grinder


Innate Abilities, Weirdness & Mutations

You have a pair of horns on your head.
You reflexively headbutt those who attack you in melee.


Message History

No target in view!
You see here a +0 club.
Grinder comes into view.
Grinder shouts!
Grinder gestures at you.
You suddenly lose the ability to move!
Grinder blinks! x2
You can move again.
Grinder hits you but does no damage. Grinder hits you.
You writhe in agony.
You closely miss Grinder. Grinder hits you but does no damage.
You closely miss Grinder. You block Grinder's attack.
You hit Grinder but do no damage. Your headbutt misses Grinder.
Grinder gestures at you. Pain shoots through your body!
You block Grinder's attack.
You barely miss Grinder. You headbutt Grinder!
Grinder is moderately wounded.
Grinder hits you.
You hit Grinder. Your headbutt misses Grinder.
Grinder is moderately wounded.
Grinder hits you.
You closely miss Grinder.
Grinder is moderately wounded.
You block Grinder's attack.
You closely miss Grinder.
Grinder is moderately wounded.
Grinder hits you but does no damage. Grinder hits you.
You hit Grinder. Your headbutt misses Grinder.
Grinder is moderately wounded.
Grinder gestures at you. Pain shoots through your body!
* * * LOW HITPOINT WARNING * * *
You closely miss Grinder. You headbutt Grinder.
Grinder is heavily wounded.
Grinder hits you.
* * * LOW HITPOINT WARNING * * *
You writhe in agony.
* * * LOW HITPOINT WARNING * * *
Grinder hits you.
You die...

## # .. ### .## ##.
..# ...#.. #.# #.#.#
#########.#
#...###.............
#.5............#..
#@####....#....##.
#.# #.#......† ....
##.# #......... ...
##..# #........ ...
#..#...# #......##
.. #.#..###
#..#.#.##
#.##.#....#
##...).#.
#.#..####.# ###.....
#.....# .# #.##..


You could see Grinder.

Vanquished Creatures
  A hound (D:3)
  7 gnolls
  4 adders
  A worm (D:3)
  A dart slug (D:2)
  3 ball pythons
  3 bats
  7 endoplasms
  3 giant cockroaches
  6 goblins
  6 hobgoblins
  2 quokkas (D:2)
  2 frilled lizards (D:1)
  5 kobolds
  8 rats
59 creatures vanquished.

Notes
Turn   | Place    | Note
-------+----------+-------------------------------------------
     0 | D:1      | Metae the Minotaur Fighter began the quest for the Orb.
     0 | D:1      | Reached XP level 1. HP: 19/19 MP: 0/0
    86 | D:1      | Found a faded altar of an unknown god.
   151 | D:1      | Reached XP level 2. HP: 27/27 MP: 1/1
   510 | D:1      | Reached XP level 3. HP: 33/33 MP: 2/2
  1190 | D:2      | Reached XP level 4. HP: 41/41 MP: 3/3
  1865 | D:3      | Reached XP level 5. HP: 28/47 MP: 4/4
  2221 | D:3      | Noticed Grinder
  2221 | D:3      | Paralysed by Grinder for 6 turns
  2240 | D:3      | HP: 2/47 [Grinder (3)]
  2241 | D:3      | Slain by Grinder

Illustrated notes

Levels and vault maps discovered:
D:1:      lightli_arrival_windingriver, layout_loops_ring,
          chequers_ecumenical_altar_simple_redux, minmay_unequal
D:2:      layout_loops_cross
D:3:      layout_rooms, roderic_batcave, corner_web_ring, uniq_grinder

Skill      XL: |  1  2  3  4  5 |
---------------+----------------+-----
Fighting       | 4 |  4.9
Polearms       | 3 4 |  4.0
Armour         | 4 |  4.8
Shields        | 4 |  4.9

Action                   |  1- 3 |  4- 6 || total
-------------------------+-------+-------++-------
Melee: Trident           |    98 |    93 ||   191
       Headbutt          |     8 |    12 ||    20
Armor: Scale mail        |    27 |    26 ||    53
Dodge: Dodged            |    18 |    14 ||    32
Block: Kite shield       |    43 |    49 ||    92
